AoeStats
← Tronix661

Arena

509768293Analyzed
2v2 RM · 6d ago on Sep 27, 2026· 37m 8s· 4 players
Game mode
Random Map
Map size
Medium (4 player)
Population
200
Speed
Normal
Resources
Standard
Victory
Conquest
Starting age
Dark Age
Ending age
Imperial Age
RankedLock teamsTeams togetherTeam positionsShared explorationLock speedFull tech treeHidden civsTurbo modeCheats
Victory
Defeat
🇲🇽 Persians · Mexico
837
+17
🇺🇸 Goths · United States
803
+19
🇨🇱 Maya · Chile
913
-20
🇦🇷 Khmer · Argentina
819
-16
CuerVoArG!!!
9:07 Feudal Age
12:56 Castle Age
12:21 Horse Collar
12:28 Double-Bit Axe
12:32 Loom
18:40 Forging
19:43 Heavy Plow
19:56 Bow Saw
29:21 Imperial Age
30:34 Crop Rotation
32:16 Iron Casting
31:26 Light Cavalry
33:05 Hussar
35:27 Blast Furnace
Tronix661
8:51 Loom
10:45 Feudal Age
11:38 Loom
14:45 Castle Age
13:10 Double-Bit Axe
19:30 Horse Collar
20:57 Gold Mining
21:46 Town Watch
22:04 Heavy Plow
22:09 Fletching
23:50 Wheelbarrow
23:58 Bodkin Arrow
28:59 Imperial Age
27:42 Ballistics
27:56 Padded Archer Armor
28:22 Hand Cart
27:51 Pikeman
30:19 Bow Saw
31:45 Conscription
32:19 Bracer
34:13 Conscription
34:27 Stone Mining
36:14 Chemistry
36:45 Two-Man Saw
36:22 Crop Rotation
36:15 Leather Archer Armor
36:34 Eagle Warrior
Ares12772
11:02 Feudal Age
17:45 Castle Age
15:58 Horse Collar
16:27 Double-Bit Axe
30:07 Imperial Age
29:43 Wheelbarrow
29:41 Kamandaran
29:15 Crossbowman
31:23 Chemistry
30:45 Ballistics
33:35 Cavalier
34:57 Bloodlines
36:04 Hand Cart
36:03 Forging
35:59 Scale Barding Armor
36:20 Thumb Ring
36:47 Savar
zapdolmayaa
2:37 Loom
12:59 Feudal Age
13:41 Double-Bit Axe
18:12 Castle Age
16:40 Horse Collar
16:54 Gold Mining
16:55 Stone Mining
19:36 Bow Saw
20:39 Wheelbarrow
19:50 Town Watch
30:41 Imperial Age
28:32 Heavy Plow
30:02 Anarchy
30:07 Scale Mail Armor
30:18 Forging
30:34 Ballistics
30:51 Squires
30:13 Pikeman
31:18 Hand Cart
31:23 Chain Mail Armor
31:55 Conscription
32:32 Crop Rotation
32:55 Iron Casting
32:36 Halberdier
33:32 Town Patrol
35:32 Blast Furnace
35:26 Fletching
35:45 Perfusion
Connection lost

Rejoining the realm…

Still unreachable

The connection could not be restored.

Session expired

The server has moved on; the page needs a fresh start.